 Dungeon Crawl Stone Soup version 0.30-a0-457-g4b7bca3bfa (webtiles) character file.

Game seed: 10242663330444728388

501 jfcaron the Vexing (level 7, -4/52 HPs)
             Began as a Gnoll Hexslinger on Dec 14, 2022.
             Was an Initiate of Okawaru.
             Slain by a gnoll
             ... wielding a +0 flail
              (8 damage)
             ... on level 5 of the Dungeon.
             The game lasted 00:10:38 (4132 turns).

jfcaron the Vexing (Gnoll Hexslinger)               Turns: 4132, Time: 00:10:39

Health: -4/52      AC:  9    Str:  9 (11) XL:     7   Next: 17%
Magic:  12/12      EV:  4    Int: 12 (13) God:    Okawaru [......]
Gold:   142        SH:  0    Dex:  9 (12) Spells: 12/13 levels left

rFire   . . .      SeeInvis .    b - +1 short sword (venom)
rCold   . . .      Faith    .    (no shield)
rNeg    . . .      Spirit   .    t - +0 chain mail
rPois   .          Reflect  .    (no helmet)
rElec   .          Harm     .    k - +0 cloak
rCorr   .          Rampage  .    (no gloves)
Will    .....                    (no boots)
Stlth   ..........               (no amulet)
HPRegen 0.28/turn                (no ring)
MPRegen 0.13/turn                (no ring)

@: no status effects
A: fangs 1, strong nose, distributed training
a: Renounce Religion


You were on level 5 of the Dungeon.
You worshipped Okawaru.
Okawaru was noncommittal.
You visited 2 branches of the dungeon, and saw 6 of its levels.

You collected 142 gold pieces.

Inventory:

Hand Weapons
 a - a +1 sling
 b - a +1 short sword of venom (weapon)
 d - a +0 whip
 i - a +0 trident
 j - a +2 whip of pain
 s - a +4 falchion of holy wrath
Missiles
 e - 46 stones (quivered)
 v - 6 boomerangs
Armour
 c - a +0 robe
 g - a +0 ring mail
 k - a +0 cloak (worn)
 t - a +0 chain mail (worn)
Wands
 m - a wand of flame (15)
Scrolls
 f - 2 scrolls of fear
 h - a scroll of poison
Potions
 n - a potion of berserk rage
 o - a potion of haste
 u - a potion of degeneration


   Skills:
 + Level 3.5 Fighting
 + Level 2.4 Short Blades
 + Level 2.4 Long Blades
 + Level 2.4 Axes
 + Level 2.4 Maces & Flails
 + Level 2.4 Polearms
 + Level 2.4 Staves
 + Level 5.2 Ranged Weapons
 + Level 2.4 Throwing
 + Level 2.4 Armour
 + Level 5.2 Dodging
 + Level 2.4 Stealth
 + Level 2.4 Shields
 + Level 2.4 Unarmed Combat
 + Level 3.7 Spellcasting
 + Level 2.0 Conjurations
 + Level 5.8 Hexes
 + Level 2.0 Summonings
 + Level 2.0 Necromancy
 + Level 2.0 Translocations
 + Level 2.0 Transmutations
 + Level 2.0 Fire Magic
 + Level 2.0 Ice Magic
 + Level 2.0 Air Magic
 + Level 2.0 Earth Magic
 + Level 2.0 Poison Magic
 + Level 2.6 Invocations
 + Level 2.4 Evocations


You had 12 spell levels left.
You knew the following spells:

 Your Spells              Type           Power      Damage    Failure   Level
a - Slow                  Hex            64%        N/A       90%         1

Your spell library contained the following spells:

 Spells                   Type           Power      Damage    Failure   Level
 Confusing Touch          Hex            16%        N/A       99%         3
 Poisonous Vapours        Pois/Air       14%        N/A       100%        2
 Gell's Gravitas          Tloc           7%         N/A       100%        3
 Inner Flame              Hex/Fire       11%        N/A       100%        3
 Lesser Beckoning         Tloc           14%        N/A       100%        3
 Mephitic Cloud           Conj/Pois/Air  7%         N/A       100%        3
 Portal Projectile        Hex/Tloc       22%        N/A       100%        3
 Swiftness                Air            7%         N/A       100%        3
 Teleport Other           Tloc           7%         N/A       100%        3
 Vampiric Draining        Necr           7%         2d6       100%        3
 Cause Fear               Hex            8%         N/A       100%        4
 Petrify                  Tmut/Erth      7%         N/A       100%        4
 Metabolic Englaciation   Hex/Ice        5%         N/A       100%        5
 Statue Form              Tmut/Erth      4%         N/A       100%        6
 Summon Small Mammal      Summ           Unusable   N/A       N/A         1
 Call Canine Familiar     Summ           Unusable   N/A       N/A         3
 Summon Guardian Golem    Hex/Summ       Unusable   N/A       N/A         3

Dungeon Overview and Level Annotations

Branches:
Dungeon (5/15)             Temple (1/1) D:5

Altars:
Ashenzari
Cheibriados
Elyvilon
Fedhas
Gozag
Hepliaklqana
Kikubaaqudgha
Makhleb
Nemelex Xobeh
Okawaru
Qazlal
Ru
Sif Muna
Uskayaw
Vehumet
Wu Jian
Xom
Yredelemnul
Zin
The Shining One

Annotations:
D:3 1 runed translucent door, Crazy Yiuf
D:4 exclusion: ogre


Innate Abilities, Weirdness & Mutations

You have very sharp teeth.
Your uncanny sense of smell can sniff out nearby items.
Your experience applies equally to all skills.


Message History

The iguana bites you!
You are too injured to fight recklessly!
You hit the iguana but do no damage.
The iguana looks as sick as possible!
The iguana is almost dead.
You kill the iguana!
Okawaru accepts your kill.
Your Conjurations skill increases to level 2!
Your Summonings skill increases to level 2!
Your Necromancy skill increases to level 2!
Your Translocations skill increases to level 2!
Your Transmutations skill increases to level 2!
Your Fire Magic skill increases to level 2!
Your Ice Magic skill increases to level 2!
Your Air Magic skill increases to level 2!
Your Earth Magic skill increases to level 2!
Your Poison Magic skill increases to level 2!
You barely miss the gnoll. The gnoll hits you with a +0 flail.
* * * LOW HITPOINT WARNING * * *
You barely miss the gnoll. You closely miss the gnoll.
The gnoll hits you with a +0 flail.
* * * LOW HITPOINT WARNING * * *
You closely miss the gnoll. The gnoll hits you with a +0 flail.
* * * LOW HITPOINT WARNING * * *
You barely miss the gnoll. The gnoll barely misses you.
You hit the gnoll.
The gnoll is lightly wounded.
The gnoll barely misses you.
You hit the gnoll.
The gnoll is poisoned.
Your bite misses the gnoll.
The gnoll is moderately wounded.
The gnoll hits you but does no damage.
You hit the gnoll.
The gnoll looks as sick as possible!
Your bite misses the gnoll.
The gnoll is severely wounded.
The gnoll hits you with a +0 flail.
* * * LOW HITPOINT WARNING * * *
It was a potion of degeneration.
There was something very wrong with that liquid.
You feel weakened.
You feel dopey.
You feel clumsy. The gnoll hits you with a +0 flail!
You die...

...........# ......
.#.......# #.#.#.
#...)...# .......
#.......# .#.#.#.
#.......# .......
########.......#
.#.#.#.
...............###.#
......
#############......#
#.#.#.
.......@gg.>....#
##########......#
#......# #......#
#.###### #.# #.# .#


You could see 2 gnolls.

Vanquished Creatures
  A hornet (D:5)
  An orc priest (D:5)
  Ijyb (D:3)
  Terence (D:3)
  4 iguanas
  An orc wizard (D:5)
  4 adders
  An ufetubus (D:4)
  A worm (D:3)
  A dart slug (D:2)
  2 orcs (D:5)
  6 ball pythons
  4 endoplasms
  2 giant cockroaches
  6 goblins
  5 hobgoblins
  2 jackals (D:2)
  7 kobolds
  4 quokkas
  A bat (D:3)
  4 frilled lizards
  3 rats
62 creatures vanquished.

Notes
Turn   | Place    | Note
-------+----------+-------------------------------------------
     0 | D:1      | jfcaron the Gnoll Hexslinger began the quest for the Orb.
     0 | D:1      | Reached XP level 1. HP: 17/17 MP: 4/4
   315 | D:1      | Reached XP level 2. HP: 23/23 MP: 5/5
   918 | D:2      | Reached XP level 3. HP: 24/28 MP: 7/7
  1329 | D:2      | Reached skill level 1 in Invocations
  1437 | D:3      | Found a faded altar of an unknown god.
  1441 | D:3      | Reached skill level 1 in Short Blades
  1441 | D:3      | Reached skill level 1 in Long Blades
  1441 | D:3      | Reached skill level 1 in Axes
  1441 | D:3      | Reached skill level 1 in Maces & Flails
  1441 | D:3      | Reached skill level 1 in Polearms
  1441 | D:3      | Reached skill level 1 in Staves
  1441 | D:3      | Reached skill level 1 in Throwing
  1441 | D:3      | Reached skill level 1 in Armour
  1441 | D:3      | Reached skill level 1 in Stealth
  1441 | D:3      | Reached skill level 1 in Shields
  1441 | D:3      | Reached skill level 1 in Unarmed Combat
  1441 | D:3      | Reached skill level 1 in Evocations
  1447 | D:3      | Prayed at the altar of an unknown god.
  1447 | D:3      | Became a worshipper of Ru the Awakened
  1516 | D:3      | Noticed Terence
  1531 | D:3      | HP: 3/28 [Terence/puff of flame (7)]
  1541 | D:3      | Killed Terence
  1542 | D:3      | Reached XP level 4. HP: 22/34 MP: 5/8
  1718 | D:3      | Reached skill level 1 in Conjurations
  1718 | D:3      | Reached skill level 1 in Summonings
  1718 | D:3      | Reached skill level 1 in Necromancy
  1718 | D:3      | Reached skill level 1 in Translocations
  1718 | D:3      | Reached skill level 1 in Transmutations
  1718 | D:3      | Reached skill level 1 in Fire Magic
  1718 | D:3      | Reached skill level 1 in Ice Magic
  1718 | D:3      | Reached skill level 1 in Air Magic
  1718 | D:3      | Reached skill level 1 in Earth Magic
  1718 | D:3      | Reached skill level 1 in Poison Magic
  2221 | D:3      | Noticed Ijyb
  2285 | D:3      | Killed Ijyb
  2286 | D:3      | Reached XP level 5. HP: 40/40 MP: 9/9
  2479 | D:3      | Found a runed translucent door.
  2480 | D:3      | Noticed Crazy Yiuf
  2965 | D:4      | Got Sif Muna's Encyclopedia of the Lungs
  3297 | D:4      | Noticed an ogre
  3301 | D:5      | Entered Level 5 of the Dungeon
  3316 | D:5      | HP: 6/41 [orc priest/divine providence (13)]
  3326 | D:5      | Reached XP level 6. HP: 9/47 MP: 11/11
  3476 | D:5      | Noticed a hornet
  3480 | D:5      | Paralysed by a hornet for 2 turns
  3485 | D:5      | HP: 8/47 [hornet (7)]
  3488 | D:5      | Paralysed by a hornet for 2 turns
  3490 | D:5      | Killed a hornet
  3491 | D:5      | Reached skill level 5 in Ranged Weapons
  3491 | D:5      | Reached skill level 5 in Dodging
  3491 | D:5      | Reached XP level 7. HP: 23/52 MP: 12/12
  3685 | D:5      | Found a glowing silver altar of Zin.
  3694 | D:5      | Found a staircase to the Ecumenical Temple.
  3710 | Temple   | Entered the Ecumenical Temple
  3797 | Temple   | Fell from the grace of Ru
  3797 | Temple   | Became a worshipper of Warmaster Okawaru
  3892 | D:5      | Found a broken altar of Ashenzari.
  3893 | D:5      | Found an opulent altar of Gozag.
  4127 | D:5      | HP: 9/52 [gnoll/+0 flail (5)]
  4131 | D:5      | HP: 4/52 [gnoll/+0 flail (6)]
  4132 | D:5      | Slain by a gnoll

Illustrated notes

Levels and vault maps discovered:
D:1:      elethiomel_arrival_shortcut, layout_basic, amcnicky_mini_pool_small
D:2:      layout_loops_ring
D:3:      layout_loops_corners, dreamdust_ecumenical_altar_statues,
          uniq_terence, uniq_crazy_yiuf_cottage, uniq_ijyb
D:4:      layout_loops_corners
D:5:      layout_basic, mainiacjoe_overflow_tiny_flanked,
          gammafunk_temple_overflow_statue, nicolae_ru_sacrificial_ziggurat,
          minmay_temple_entry_junction, serial_glass, glass_columns_c,
          glass_columns_c, chequers_mini_garden, sigmund_army
Temple:   regret_index_temple_sphere_string

Skill      XL: |  1  2  3  4  5  6  7 |
---------------+----------------------+-----
Invocations    | 1 2 |  2.6
Short Blades   | 1 2 |  2.4
Long Blades    | 1 2 |  2.4
Axes           | 1 2 |  2.4
Maces & Flails | 1 2 |  2.4
Polearms       | 1 2 |  2.4
Staves         | 1 2 |  2.4
Throwing       | 1 2 |  2.4
Armour         | 1 2 |  2.4
Stealth        | 1 2 |  2.4
Shields        | 1 2 |  2.4
Unarmed Combat | 1 2 |  2.4
Evocations     | 1 2 |  2.4
Spellcasting   | 3 |  3.7
Conjurations   | 1 2 |  2.0
Summonings     | 1 2 |  2.0
Necromancy     | 1 2 |  2.0
Translocations | 1 2 |  2.0
Transmutations | 1 2 |  2.0
Fire Magic     | 1 2 |  2.0
Ice Magic      | 1 2 |  2.0
Air Magic      | 1 2 |  2.0
Earth Magic    | 1 2 |  2.0
Poison Magic   | 1 2 |  2.0
Fighting       | 3 |  3.5
Ranged Weapons | 5 |  5.2
Dodging        | 5 |  5.2
Hexes          | |  5.8

Action                   |  1- 3 |  4- 6 |  7- 9 || total
-------------------------+-------+-------+-------++-------
Melee: Short sword       |    20 |    66 |    28 ||   114
       Bite              |     3 |     5 |     3 ||    11
       Falchion          |       |     2 |       ||     2
       Punch             |       |     1 |     1 ||     2
 Fire: Sling             |    81 |    56 |    12 ||   149
Throw: Stone             |       |     2 |       ||     2
 Cast: Slow              |     3 |       |       ||     3
Invok: Reject Sacrifices |     1 |       |       ||     1
Evoke: Wand              |       |     2 |       ||     2
  Use: Potion            |     2 |     2 |     1 ||     5
       Scroll            |       |     6 |       ||     6
Armor: Ring mail         |    16 |       |       ||    16
       Chain mail        |       |    59 |     9 ||    68
Dodge: Dodged            |    38 |    31 |    11 ||    80

Table legend: (Time is in decaauts)
 A = Elapsed time spent in this place.
 B = Non-inter-level travel time spent in this place.
 C = Inter-level travel time spent in this place.
 D = Time resting spent in this place.
 E = Time spent auto-exploring this place.
 F = Levels seen in this place.
 G = Mean time per level.
                   A        B        C        D        E       F      G
               +--------+--------+--------+--------+--------+-----+--------+
         Total |   4187 |   4017 |    170 |    532 |   2789 |   6 |  697.8 |
       Dungeon |   4045 |   3883 |    162 |    532 |   2679 |   5 |  809.0 |
        Temple |    141 |    133 |      8 |      0 |    110 |   1 |  141.0 |
               +--------+--------+--------+--------+--------+-----+--------+

Top non-repeatable levels by time:
     D:3: 1174 daAuts
     D:1: 776 daAuts
     D:4: 720 daAuts
     D:5: 691 daAuts
     D:2: 681 daAuts
  Temple: 141 daAuts
